 Dungeon Crawl Stone Soup version 0.30-a0-1035-g38d5fb2972 (webtiles) character file.

Game seed: 5771958199694839393

848 jlumianski the Chopper (level 7, -6/56 HPs)
             Began as a Demonspawn Fighter on Apr 9, 2023.
             Mangled by a hornet zombie (8 damage)
             ... on level 8 of the Dungeon.
             The game lasted 00:14:37 (3872 turns).

jlumianski the Chopper (Demonspawn Fighter)         Turns: 3872, Time: 00:14:38

Health: -6/56      AC: 18    Str: 19    XL:     7   Next: 69%
Magic:  7/7        EV:  7    Int:  9    God:
Gold:   137        SH:  4    Dex: 12    Spells: 6/6 levels left

rFire   . . .      SeeInvis .    a - +0 war axe (heavy)
rCold   . . .      Faith    .    c - +0 buckler
rNeg    . . .      Spirit   .    g - +0 chain mail
rPois   .          Reflect  .    t - +0 hat {Stlth+}
rElec   .          Rampage  .    (no cloak)
rCorr   .                        (no gloves)
Will    +....                    (no boots) Stlth
                                 (no amulet)
HPRegen 0.29/turn                n - ring of willpower
MPRegen 0.10/turn                (no ring)

@: mighty, sanguine armoured
A: antennae 1, powered by death 1, sanguine armour 2
a: no special abilities


You were on level 8 of the Dungeon.
You visited 1 branch of the dungeon, and saw 7 of its levels.

You collected 137 gold pieces.

Inventory:

Hand Weapons
 a - a +0 heavy war axe (weapon)
 k - a +1 dagger of venom
Missiles
 f - 50 stones
 l - 12 poisoned darts (quivered)
 s - 2 boomerangs
Armour
 b - a +0 scale mail
 c - a +0 buckler (worn)
 g - a +0 chain mail (worn)
 j - a +0 helmet
 t - a +0 hat of stealth (worn)
Jewellery
 n - a ring of willpower (left hand)
Wands
 u - a wand of roots (5)
 y - a wand of mindburst (10)
Scrolls
 h - a scroll of noise
 i - a scroll of enchant armour
 m - 2 scrolls of enchant weapon
 q - a scroll of immolation {unknown}
 r - a scroll of fog
 w - a scroll of poison {unknown}
Potions
 d - 2 potions of might
 e - a potion of lignification {unknown}
 o - a potion of berserk rage {unknown}
 p - a potion of brilliance {unknown}
 v - a potion of ambrosia {unknown}
 x - 2 potions of degeneration {unknown}


   Skills:
 * Level 5.1 Fighting
 + Level 5.3 Axes
 + Level 0.8 Throwing
 + Level 4.7 Armour
 + Level 0.6 Dodging
 + Level 3.5 Shields


You had 6 spell levels left.
You didn't know any spells.
Your spell library contained the following spells:

 Spells                   Type           Power      Damage    Failure   Level
 Dazzling Flash           Conj/Hex       0%         N/A       100%        3
 Volatile Blastmotes      Fire/Tloc      0%         2d10      100%        3
 Iskenderun's Mystic Bla  Conj/Tloc      0%         2d3       100%        4
 Starburst                Conj/Fire      0%         6d3       100%        6


Dungeon Overview and Level Annotations

Branches:
Dungeon (8/15)
 Temple: D:4-7         Lair: D:8-11

Altars:
Sif Muna


Innate Abilities, Weirdness & Mutations

You have a pair of small antennae on your head.
You regenerate a little health from kills.
When seriously injured, your blood forms thick armour. (AC +9)


Message History

The wyvern bites you but does no damage.
The wyvern attacks as you move away! You block the wyvern's attack.
The wyvern bites you. The wyvern attacks as you move away!
The wyvern bites you but does no damage.
The wyvern bites you!
* * * LOW HITPOINT WARNING * * *
The wyvern bites you but does no damage.
There is a stone staircase leading down here.
The wyvern bites you but does no damage.
You block the wyvern's attack.
You climb downwards.
The centaur zombie hits you but does no damage.
The centaur zombie kicks you but does no damage.
You block the centaur zombie's attack.
The centaur zombie kicks you but does no damage.
There is a stone staircase leading up here.
You feel very mighty all of a sudden. You block the wyvern's attack.
The centaur zombie hits you but does no damage.
The centaur zombie barely misses you.
You slice the wyvern!!
The wyvern is severely wounded.
You slash the centaur zombie! The wyvern barely misses you.
The centaur zombie hits you but does no damage.
The centaur zombie barely misses you. The wyvern bites you!
* * * LOW HITPOINT WARNING * * *
The hornet zombie hits you.
* * * LOW HITPOINT WARNING * * *
The centaur zombie hits you but does no damage.
The centaur zombie kicks you but does no damage.
The wyvern bites you but does no damage.
The hornet zombie closely misses you. The centaur zombie barely misses you.
The centaur zombie kicks you but does no damage.
The wyvern bites you but does no damage.
You hit the wyvern.
The wyvern is almost dead.
You slash the centaur zombie! You closely miss the hornet zombie.
The hornet zombie hits you!
You die...

##...####.#
##.........#
##.......PP..
#....<.......
+............
#............
#.......#
#.Z@Z.#
##l..## ##+##


You could see a wyvern, a hornet zombie and a centaur zombie.

Vanquished Creatures
  Sigmund (D:3)
  A black bear (D:4)
  An ogre (D:4)
  A scorpion (D:4)
  A wight (D:7)
  A howler monkey (D:4)
  A hound (D:4)
  A jelly (D:4)
  An orc priest (D:4)
  A sleepcap (D:4)
  Ijyb (D:3)
  An orc wizard (D:4)
  Robin (D:2)
  A gnoll (D:4)
  6 adders
  3 worms
  3 dart slugs
  7 orcs
  5 endoplasms
  3 giant cockroaches
  18 goblins
  8 hobgoblins
  3 jackals (D:1)
  8 kobolds
  4 quokkas
  9 ball pythons
  3 bats
  7 frilled lizards
  4 rats
105 creatures vanquished.

Vanquished Creatures (others)
  A plant (D:1)
1 creature vanquished.

Grand Total: 106 creatures vanquished

Notes
Turn   | Place    | Note
-------+----------+-------------------------------------------
     0 | D:1      | jlumianski the Demonspawn Fighter began the quest for the
                  | Orb.
     0 | D:1      | Reached XP level 1. HP: 18/18 MP: 1/1
   104 | D:1      | Gained mutation: You have a pair of small antennae on your
                  | head. [demonic ancestry]
   104 | D:1      | Reached XP level 2. HP: 24/24 MP: 2/2
   319 | D:1      | Gained mutation: When seriously injured, your blood forms
                  | armour. (AC +9) [demonic ancestry]
   319 | D:1      | Reached XP level 3. HP: 29/29 MP: 3/3
   676 | D:3      | Noticed Robin
   690 | D:2      | Killed Robin
   780 | D:2      | Reached XP level 4. HP: 30/35 MP: 4/4
   941 | D:3      | Noticed Sigmund
   952 | D:3      | Killed Sigmund
   953 | D:3      | Gained mutation: When seriously injured, your blood forms
                  | thick armour. (AC +9) [demonic ancestry]
   953 | D:3      | Reached XP level 5. HP: 28/42 MP: 5/5
  1057 | D:3      | Gained mutation: You regenerate a little health from kills.
                  | [demonic ancestry]
  1057 | D:3      | Reached XP level 6. HP: 30/48 MP: 6/6
  2346 | D:3      | Noticed Ijyb
  2354 | D:3      | Killed Ijyb
  2620 | D:4      | Found a shimmering blue altar of Sif Muna.
  2842 | D:5      | Entered Level 5 of the Dungeon
  2873 | D:4      | Reached XP level 7. HP: 52/55 MP: 7/7
  2948 | D:4      | Reached skill level 5 in Axes
  3279 | D:4      | Reached skill level 5 in Fighting
  3651 | D:5      | You fall into a shaft and drop 2 floors!
  3849 | D:7      | Noticed a wyvern
  3871 | D:8      | HP: 1/56 [hornet zombie (4)]
  3872 | D:8      | Mangled by a hornet zombie

Illustrated notes

Levels and vault maps discovered:
D:1:      lightli_arrival_statuegarden, layout_rooms
D:2:      layout_basic, minmay_misc_feat_roman
D:3:      layout_loops_ring, portal_sewer_entry_b, minmay_misc_feat_encased,
          grunt_ministairs_11, wad_floor_pattern_1, uniq_sigmund, uniq_robin,
          uniq_ijyb
D:4:      layout_layer_cave, mainiacjoe_overflow_cross_hatched, minmay_cupped
D:5:      layout_cave_pools, kennysheep_vampire_church, serial_column_ruins,
          column_ruins_open_tiny, column_ruins_grid_1, column_ruins_open_small,
          column_ruins_open_tiny, column_ruins_open_large,
          column_ruins_open_tiny, uniq_duvessa
D:7:      lemuel_castle_with_subvaults [lemuel_castle_interior_original],
          layout_basic
D:8:      layout_loops_corners, okawaru_humans, nicolae_dithmenos_the_darkroom,
          evilmike_ruin_ashenzari, serial_undead, serial_undead_b,
          serial_undead_e, serial_undead_c, serial_undead_e, serial_undead_e,
          uniq_gastronok

Skill      XL: |  1  2  3  4  5  6  7 |
---------------+----------------------+-----
Axes           | 2 3 4 5 |  5.3
Armour         | 3 4 |  4.7
Shields        | 3 |  3.5
Fighting       | 4 5 |  5.1
Throwing       | |  0.8
Dodging        | |  0.6

Action                     |  1- 3 |  4- 6 |  7- 9 || total
---------------------------+-------+-------+-------++-------
  Melee: War axe           |    84 |   133 |    32 ||   249
  Throw: Dart              |       |     7 |     9 ||    16
  Evoke: Wand              |       |       |     1 ||     1
    Use: Scroll            |       |     6 |     1 ||     7
         Potion            |       |     1 |     1 ||     2
 Armour: Scale mail        |    49 |    50 |       ||    99
         Chain mail        |       |    30 |    35 ||    65
  Dodge: Dodged            |    41 |    57 |    17 ||   115
  Block: Buckler           |    17 |    25 |    16 ||    58

Table legend: (Time is in decaauts)
 A = Elapsed time spent in this place.
 B = Non-inter-level travel time spent in this place.
 C = Inter-level travel time spent in this place.
 D = Time resting spent in this place.
 E = Time spent auto-exploring this place.
 F = Levels seen in this place.
 G = Mean time per level.
                   A        B        C        D        E       F      G
               +--------+--------+--------+--------+--------+-----+--------+
         Total |   4050 |   3918 |    132 |    120 |   2428 |   7 |  578.6 |
       Dungeon |   4050 |   3918 |    132 |    120 |   2428 |   7 |  578.6 |
               +--------+--------+--------+--------+--------+-----+--------+

Top non-repeatable levels by time:
     D:3: 1084 daAuts
     D:4: 1080 daAuts
     D:2: 989 daAuts
     D:1: 666 daAuts
     D:7: 218 daAuts
     D:8: 6 daAuts
     D:5: 3 daAuts
